 Dungeon Crawl Stone Soup version 0.20-a0-1122-gb7cbeb9 (webtiles) character file.

186 wolfsongas the Sneak (level 5, -5/39 HPs)
             Began as an Octopode Assassin on May 15, 2017.
             Slain by a gnoll
             ... wielding a +0 flail
              (8 damage)
             ... on level 3 of the Dungeon.
             The game lasted 00:05:59 (2285 turns).

wolfsongas the Sneak (Octopode Assassin)            Turns: 2285, Time: 00:06:00

Health: -5/39      AC:  1    Str: 13    XL:     5   Next: 66%
Magic:  5/5        EV: 13    Int: 13    God:
Gold:   110        SH:  0    Dex: 14    Spells: 4/4 levels left

rFire    + . .     SeeInvis .   a - +3 dagger
rCold    x . .     Gourm    .   (no shield)
rNeg     . . .     Faith    .   (helmet restricted)
rPois    .         Spirit   .   (no amulet)
rElec    .         Reflect  .   e - ring of fire
rCorr    .         Harm     .   (no ring)
MR       .....                  (no ring)
Stlth    +++++.....             (no ring)
Regen    0.2/turn               (no ring)
MPRegen  0.1/turn               (no ring)
                                (no ring)
                                (no ring)

@: no status effects
A: almost no armour, stealthy swim, amphibious, 8 rings, constrict 8, tentacle
spike 1, camouflage 1, robust 1, strong 1, gelatinous body 1
a: no special abilities


You were on level 3 of the Dungeon.
You were very full.

You visited 1 branch of the dungeon, and saw 4 of its levels.

You collected 110 gold pieces.

Inventory:

Hand Weapons
 a - a +3 dagger (weapon)
 b - a +0 blowgun
Missiles
 c - 8 poisoned needles
 d - 2 curare-tipped needles
Jewellery
 e - a ring of fire (left tentacle)
Scrolls
 h - 2 scrolls of identify
 l - a scroll of fog
Comestibles
 f - 2 chunks of flesh
 g - a bread ration
 j - 2 royal jellies
 k - 4 fruits


   Skills:
 + Level 3.0 Fighting
 * Level 3.4 Short Blades
 - Level 2.0 Throwing
 - Level 1.0 Dodging
 * Level 7.6 Stealth


You had 4 spell levels left.
You didn't know any spells.

Dungeon Overview and Level Annotations

Branches:
Dungeon (4/15)
 Temple: D:4-7

Altars:

Annotations:
D:4 Edmund


Innate Abilities, Weirdness & Mutations

You cannot wear most types of armour.
You are very stealthy in the water. (Stealth+)
You are amphibious.
You can wear up to eight rings at the same time.
You can use your tentacles to constrict eight enemies at once.
Your skin changes colour to match your surroundings (Stealth+).
Your rubbery body absorbs attacks. (AC +1, EV +1)
One of your tentacles bears a spike.
You are robust. (+10% HP)
Your muscles are strong. (Str +2)


Message History

The gnoll hits you from afar with a spear.
You see here a scroll labeled DISKIMM POCE.
i - a scroll labeled DISKIMM POCE The gnoll barely misses you.
As you read the scroll labeled DISKIMM POCE, it crumbles to dust.
You feel blessed for a moment.
It was a scroll of remove curse.
The gnoll barely misses you. The gnoll hits you with a flail.
You hit the gnoll. You grab the gnoll.
The gnoll is lightly wounded.
You constrict the gnoll, but do no damage.
The gnoll barely misses you. x2
You hit the gnoll.
The gnoll is moderately wounded.
You constrict the gnoll.
The gnoll hits you from afar with a spear!
* * * LOW HITPOINT WARNING * * *
You hit the gnoll.
You pierce the gnoll, but do no damage.
The gnoll is heavily wounded.
You constrict the gnoll. The gnoll hits you with a flail!
You die...

#...### ###.####
...## #. # #...# ..#
#...####.# ####.
#......# ......
##.##.[####.....#
#.#§..##.....(.#
##.§§.###.#.....#
#.###..g§§§§.g......#
#.....@#§#§##.##.#.##
##.###.#§#§##...
#.g§§§§§.###
#####§##.# #§...#
####.# #.#


You could see 2 gnolls.

Vanquished Creatures
  A centaur (D:2)
  A gnoll (D:4)
  2 adders (D:2)
  An ooze (D:2)
  5 worms (D:2)
  2 dart slugs (D:1)
  2 leopard geckos
  2 giant cockroaches
  8 goblins
  6 hobgoblins
  8 kobolds
  2 quokkas
  11 bats
  3 frilled lizards
  5 rats
59 creatures vanquished.

Notes
Turn   | Place    | Note
-------+----------+-------------------------------------------
     0 | D:1      | wolfsongas the Octopode Assassin began the quest for the Orb.
     0 | D:1      | Reached XP level 1. HP: 14/14 MP: 1/1
   131 | D:1      | Reached XP level 2. HP: 19/19 MP: 2/2
   435 | D:1      | Reached skill level 6 in Stealth
   583 | D:1      | Reached XP level 3. HP: 24/24 MP: 3/3
   600 | D:1      | Gained mutation: One of your tentacles bears a spike. [potion of mutation]
   600 | D:1      | Gained mutation: You are robust. (+10% HP) [potion of mutation]
   600 | D:1      | Gained mutation: Your muscles are strong. (Str +2) [potion of mutation]
  1375 | D:2      | Reached XP level 4. HP: 33/33 MP: 4/4
  1621 | D:2      | Noticed a centaur
  1627 | D:2      | Killed a centaur
  1627 | D:2      | Reached skill level 7 in Stealth
  1627 | D:2      | Reached XP level 5. HP: 13/39 MP: 5/5
  2267 | D:4      | Noticed Edmund
  2285 | D:3      | Slain by a gnoll

Vault maps used:
D:1:      elethiomel_arrival_shortcut, minmay_octomino_c4
D:2:      first_bread
D:3:      nemelex_dance_club_becter
D:4:      minmay_temple_entry_from_below_a, uniq_crazy_yiuf_cottage,
          uniq_edmund, uniq_duvessa

Skill      XL: |  1  2  3  4  5 |
---------------+----------------+-----
Stealth        | 6 7 |  7.6
Short Blades   | 3 |  3.4
Fighting       | 3 |  3.0
Throwing       | |  2.0
Dodging        | |  1.0

Action                   |  1- 3 |  4- 6 || total
-------------------------+-------+-------++-------
Melee: Dagger            |    65 |    54 ||   119
       Constrict         |    14 |    11 ||    25
       Tentacles         |     5 |     8 ||    13
       Kick              |     6 |    19 ||    25
  Use: Scroll            |     5 |     4 ||     9
       Potion            |     4 |     2 ||     6
 Stab: Sleeping          |    13 |    10 ||    23
       Distracted        |       |     1 ||     1
  Eat: Chunk             |     1 |     1 ||     2
       Meat ration       |       |     1 ||     1
       Bread ration      |       |     1 ||     1
Armor: Skin              |     6 |     2 ||     8
Dodge: Dodged            |    29 |    28 ||    57
